[ AOE2 MATCH · #506334873 ]
UnrankedBengalis vs Turks
Player's team · LOSS
Rival team · WIN
[ REPLAY ANALYSIS · EXTRACTED FROM THE RECORDED GAME ]
Feudal
9:24
Castle
19:46
Imperial
31:02
| APM avg | 38.2 |
| APM peak | 97 |
| eAPM avg | 23.3 |
| Villagers / military | 105 / 51 |
Focus
⚔️ 30.0% · 🌾 70.0%
Skirmisher ×23 · Battle Elephant ×13 · Militia ×7 · Trebuchet (Packed) ×4 · Scout Cavalry ×2 · Monk ×1
Feudal
10:38
Castle
14:33
Imperial
30:40
| APM avg | 24.9 |
| APM peak | 63 |
| eAPM avg | 11.7 |
| Villagers / military | 95 / 52 |
Focus
⚔️ 16.0% · 🌾 84.0%
Janissary ×41 · Bombard Cannon ×5 · Monk ×3 · Battering Ram ×2 · Mangonel ×1
Match map
Initial resources + every placement click. Lines = walls · curves = elevation contours. ◆ gold · ⬟ stone · ● berries · ✦ relic · ◌ wall gap
Your base· ✓ Closed at 19:46 · 6t walls · 3 gate(s)
Justin Credible's base· ✓ Closed at 14:33 · 0t walls · 3 gate(s)
Smoothed initial terrain · ◌ = detected wall gap · hover for details
Inputs per minute
— BOT jose - - Justin Credible
Build order — BOT jose
First 150 of 292 actions detected
| 0:00 | Queue | Villager (Male) |
| 0:01 | Queue | Villager (Male) |
| 0:02 | Build | House |
| 0:03 | Build | House |
| 0:19 | Queue | Villager (Male) ×2 |
| 1:27 | Queue | Villager (Male) |
| 1:27 | Queue | Villager (Male) |
| 1:58 | Build | Lumber Camp |
| 2:00 | Queue | Villager (Male) |
| 2:00 | Queue | Villager (Male) |
| 2:13 | Queue | Villager (Male) |
| 2:13 | Queue | Villager (Male) |
| 2:14 | Queue | Villager (Male) |
| 2:44 | Queue | Villager (Male) |
| 3:02 | Build | House |
| 3:08 | Queue | Villager (Male) |
| 3:08 | Queue | Villager (Male) |
| 3:08 | Queue | Villager (Male) |
| 3:35 | Queue | Villager (Male) |
| 4:02 | Queue | Villager (Male) |
| 4:02 | Queue | Villager (Male) |
| 4:24 | Queue | Villager (Male) |
| 4:25 | Queue | Villager (Male) |
| 4:25 | Queue | Villager (Male) |
| 4:51 | Queue | Villager (Male) |
| 4:51 | Queue | Villager (Male) |
| 5:15 | Queue | Villager (Male) |
| 5:15 | Queue | Villager (Male) |
| 5:32 | Queue | Villager (Male) |
| 5:32 | Queue | Villager (Male) |
| 5:32 | Queue | Villager (Male) |
| 5:35 | Build | House |
| 5:53 | Build | Mill |
| 6:46 | Research | Loom |
| 7:14 | Research | Feudal Age |
| 7:14 | Research | Feudal Age |
| 7:14 | Research | Feudal Age |
| 7:19 | Build | Barracks |
| 8:37 | Queue | Militia |
| 8:37 | Queue | Militia |
| 8:55 | Build | Mining Camp |
| 9:13 | Build | House |
| 9:24 | Age | Feudal Age |
| 9:29 | Queue | Villager (Male) |
| 9:29 | Queue | Villager (Male) |
| 9:29 | Queue | Villager (Male) |
| 9:42 | Queue | Villager (Male) |
| 9:45 | Research | Double-Bit Axe |
| 9:45 | Research | Double-Bit Axe |
| 10:20 | Queue | Militia |
| 10:36 | Build | House |
| 10:45 | Queue | Villager (Male) |
| 11:17 | Build | Watch Tower |
| 11:18 | Queue | Villager (Male) |
| 11:39 | Queue | Villager (Male) |
| 11:56 | Research | Man-at-Arms (upgrade) |
| 11:57 | Research | Man-at-Arms (upgrade) |
| 12:05 | Queue | Villager (Male) |
| 12:07 | Build | Farm |
| 12:09 | Build | Farm |
| 12:12 | Build | Farm |
| 12:15 | Build | Farm |
| 12:16 | Build | Farm |
| 12:26 | Queue | Villager (Male) |
| 12:39 | Queue | Villager (Male) |
| 12:52 | Build | Market |
| 13:02 | Queue | Villager (Male) |
| 13:23 | Queue | Villager (Male) |
| 13:25 | Build | Farm |
| 13:37 | Build | House |
| 13:42 | Research | Wheelbarrow |
| 13:42 | Research | Wheelbarrow |
| 14:10 | Build | Farm |
| 14:19 | Build | Farm |
| 14:21 | Queue | Villager (Male) |
| 14:30 | Build | Watch Tower |
| 15:05 | Queue | Villager (Male) |
| 15:07 | Build | Farm |
| 15:17 | Build | Watch Tower |
| 15:32 | Build | Palisade Wall |
| 15:34 | Build | Palisade Wall |
| 15:35 | Build | Palisade Wall |
| 15:37 | Build | Palisade Wall |
| 15:38 | Build | Palisade Wall |
| 15:40 | Build | Palisade Wall |
| 15:49 | Queue | Villager (Male) |
| 16:16 | Queue | Villager (Male) |
| 16:37 | Build | Blacksmith |
| 16:40 | Queue | Villager (Male) |
| 17:01 | Research | Castle Age |
| 17:01 | Research | Castle Age |
| 17:01 | Research | Castle Age |
| 17:20 | Research | Stone Mining |
| 17:20 | Research | Stone Mining |
| 17:44 | Queue | Militia |
| 17:47 | Build | House |
| 17:51 | Build | House |
| 17:58 | Queue | Militia |
| 18:22 | Queue | Militia |
| 18:55 | Queue | Villager (Male) |
| 18:55 | Queue | Villager (Male) |
| 19:13 | Queue | Militia |
| 19:37 | Research | Scale Mail Armor |
| 19:37 | Research | Scale Mail Armor |
| 19:46 | Age | Castle Age |
| 20:10 | Queue | Villager (Male) |
| 20:24 | Research | Long Swordsman (upgrade) |
| 20:24 | Research | Long Swordsman (upgrade) |
| 20:35 | Build | Castle |
| 20:50 | Build | Castle |
| 20:59 | Queue | Villager (Male) |
| 21:05 | Build | Town Center |
| 21:08 | Build | Farm |
| 21:09 | Queue | Villager (Male) |
| 21:22 | Build | Monastery |
| 21:30 | Queue | Villager (Male) |
| 21:32 | Build | House |
| 21:55 | Build | Mining Camp |
| 22:02 | Build | Farm |
| 22:04 | Build | Farm |
| 22:15 | Queue | Villager (Male) |
| 22:17 | Build | Farm |
| 22:28 | Queue | Monk |
| 22:34 | Queue | Villager (Male) |
| 22:37 | Queue | Villager (Male) |
| 22:40 | Queue | Villager (Male) |
| 22:49 | Research | Gold Mining |
| 22:49 | Research | Gold Mining |
| 22:59 | Build | Farm |
| 23:00 | Queue | Villager (Male) |
| 23:01 | Queue | Villager (Male) |
| 23:04 | Build | Farm |
| 23:06 | Build | Farm |
| 23:07 | Build | Farm |
| 23:10 | Queue | Villager (Male) |
| 23:12 | Build | Farm |
| 23:29 | Queue | Ratha (Ranged) |
| 23:56 | Queue | Villager (Male) |
| 23:56 | Queue | Villager (Male) |
| 23:57 | Queue | Villager (Male) |
| 23:59 | Build | Farm |
| 24:01 | Build | Farm |
| 24:20 | Queue | Villager (Male) |
| 24:20 | Queue | Villager (Male) |
| 24:25 | Queue | Villager (Male) |
| 24:27 | Build | Farm |
| 24:33 | Queue | Villager (Male) |
| 24:47 | Queue | Villager (Male) |
| 24:50 | Build | Farm |
| 24:52 | Research | Horse Collar |
Build order — Justin Credible
First 150 of 200 actions detected
| 0:02 | Queue | Villager (Male) ×4 |
| 0:04 | Build | House |
| 0:05 | Build | House |
| 0:06 | Build | House |
| 1:14 | Build | Lumber Camp |
| 1:35 | Queue | Villager (Male) |
| 1:53 | Queue | Villager (Male) |
| 2:23 | Queue | Villager (Male) |
| 2:46 | Queue | Villager (Male) |
| 3:18 | Queue | Villager (Male) |
| 3:44 | Queue | Villager (Male) |
| 3:45 | Queue | Villager (Male) |
| 4:08 | Queue | Villager (Male) |
| 4:27 | Queue | Villager (Male) |
| 4:41 | Queue | Villager (Male) |
| 5:07 | Build | Mill |
| 5:10 | Queue | Villager (Male) |
| 5:21 | Build | House |
| 5:21 | Build | House |
| 5:29 | Queue | Villager (Male) |
| 6:02 | Queue | Villager (Male) |
| 6:20 | Queue | Villager (Male) |
| 6:49 | Queue | Villager (Male) |
| 6:51 | Queue | Villager (Male) |
| 6:51 | Queue | Villager (Male) |
| 6:59 | Build | Mill |
| 8:05 | Build | Mining Camp |
| 8:20 | Build | Mining Camp |
| 8:28 | Research | Feudal Age |
| 9:41 | Research | Loom |
| 10:07 | Queue | Villager (Male) |
| 10:08 | Queue | Villager (Male) |
| 10:17 | Build | Farm |
| 10:38 | Age | Feudal Age |
| 10:44 | Build | Market |
| 10:49 | Build | Blacksmith |
| 11:48 | Research | Castle Age |
| 12:33 | Research | Double-Bit Axe |
| 12:50 | Build | House |
| 12:51 | Build | House |
| 13:59 | Research | Horse Collar |
| 14:00 | Queue | Villager (Male) |
| 14:01 | Queue | Villager (Male) |
| 14:07 | Build | Farm |
| 14:33 | Age | Castle Age |
| 15:08 | Build | Siege Workshop |
| 15:14 | Queue | Villager (Male) |
| 15:22 | Build | Farm |
| 16:00 | Queue | Mangonel |
| 16:05 | Build | Town Center |
| 16:14 | Build | Mining Camp |
| 16:14 | Queue | Villager (Male) |
| 16:17 | Queue | Villager (Male) |
| 16:36 | Queue | Villager (Male) |
| 17:06 | Queue | Battering Ram |
| 17:08 | Queue | Villager (Male) |
| 17:41 | Queue | Villager (Male) |
| 17:42 | Queue | Villager (Male) |
| 17:52 | Queue | Villager (Male) |
| 18:03 | Build | Monastery |
| 18:27 | Build | Farm |
| 18:30 | Build | Farm |
| 18:31 | Queue | Villager (Male) |
| 19:02 | Queue | Monk |
| 19:17 | Build | Farm |
| 19:18 | Queue | Villager (Male) |
| 19:48 | Queue | Villager (Male) |
| 20:12 | Build | Castle |
| 20:14 | Queue | Villager (Male) |
| 20:14 | Queue | Villager (Male) |
| 20:37 | Build | Castle |
| 20:59 | Queue | Villager (Male) |
| 20:59 | Queue | Villager (Male) |
| 21:28 | Build | Farm |
| 21:33 | Build | Farm |
| 21:33 | Build | Farm |
| 21:33 | Build | Farm |
| 21:34 | Build | Farm |
| 21:34 | Build | Farm |
| 21:36 | Queue | Villager (Male) |
| 22:15 | Queue | Villager (Male) |
| 22:19 | Queue | Battering Ram |
| 22:31 | Build | Farm |
| 22:34 | Queue | Villager (Male) |
| 22:47 | Queue | Monk |
| 23:01 | Queue | Villager (Male) |
| 23:09 | Build | Town Center |
| 23:12 | Queue | Villager (Male) |
| 23:25 | Queue | Villager (Male) |
| 23:36 | Queue | Villager (Male) |
| 23:54 | Queue | Villager (Male) |
| 24:05 | Queue | Villager (Male) |
| 24:34 | Queue | Villager (Male) |
| 24:46 | Queue | Villager (Male) |
| 24:53 | Queue | Villager (Male) |
| 25:01 | Build | Farm |
| 25:02 | Build | Farm |
| 25:06 | Build | Farm |
| 25:07 | Queue | Villager (Male) |
| 25:17 | Build | Farm |
| 25:17 | Build | Farm |
| 25:17 | Build | Farm |
| 25:18 | Build | Farm |
| 25:20 | Build | Farm |
| 25:21 | Queue | Villager (Male) |
| 25:21 | Queue | Villager (Male) |
| 25:38 | Build | Farm |
| 25:49 | Build | Farm |
| 25:50 | Queue | Villager (Male) |
| 25:50 | Queue | Villager (Male) |
| 26:07 | Build | Castle |
| 26:17 | Build | Farm |
| 26:48 | Build | Farm |
| 27:30 | Research | Imperial Age |
| 27:38 | Queue | Villager (Male) |
| 27:39 | Queue | Villager (Male) |
| 27:58 | Queue | Janissary |
| 27:58 | Queue | Janissary |
| 28:04 | Queue | Villager (Male) |
| 28:08 | Queue | Villager (Male) |
| 28:11 | Build | Farm |
| 28:20 | Build | Farm |
| 28:45 | Queue | Villager (Male) |
| 28:45 | Queue | Villager (Male) |
| 28:56 | Queue | Janissary ×4 |
| 29:06 | Queue | Villager (Male) |
| 29:14 | Queue | Janissary ×2 |
| 29:20 | Build | Farm |
| 29:23 | Queue | Villager (Male) |
| 29:24 | Queue | Villager (Male) |
| 29:41 | Queue | Villager (Male) |
| 29:51 | Queue | Janissary ×2 |
| 29:59 | Build | Farm |
| 30:03 | Queue | Villager (Male) |
| 30:19 | Queue | Villager (Male) |
| 30:24 | Build | Farm |
| 30:26 | Queue | Villager (Male) |
| 30:40 | Age | Imperial Age |
| 30:44 | Queue | Bombard Cannon |
| 30:45 | Queue | Bombard Cannon |
| 30:52 | Queue | Janissary ×5 |
| 30:53 | Queue | Villager (Male) |
| 30:53 | Queue | Villager (Male) |
| 30:58 | Build | Farm |
| 31:00 | Queue | Villager (Male) |
| 31:23 | Queue | Bombard Cannon |
| 31:23 | Queue | Villager (Male) |
| 31:26 | Build | House |
| 31:27 | Build | House |
| 31:32 | Build | Farm |
Match timeline
| 7:19 | BOT jose · first_building Barracks |
| 9:24 | BOT jose · age_up feudal |
| 10:38 | Justin Credible · age_up feudal |
| 14:33 | Justin Credible · age_up castle |
| 15:08 | Justin Credible · first_building Siege Workshop |
| 15:32 | BOT jose · wall_segment Palisade Wall x1 |
| 15:34 | BOT jose · wall_segment Palisade Wall x1 |
| 15:35 | BOT jose · wall_segment Palisade Wall x1 |
| 15:37 | BOT jose · wall_segment Palisade Wall x1 |
| 15:38 | BOT jose · wall_segment Palisade Wall x1 |
| 15:40 | BOT jose · wall_segment Palisade Wall x1 |
| 15:54 | BOT jose · first_market_sell 100 wood |
| 17:41 | Justin Credible · first_market_buy 100 food |
| 18:03 | Justin Credible · first_building Monastery |
| 19:46 | BOT jose · age_up castle |
| 20:12 | Justin Credible · first_building Castle |
| 20:35 | BOT jose · first_building Castle |
| 21:22 | BOT jose · first_building Monastery |
| 25:14 | BOT jose · first_building Stable |
| 26:57 | BOT jose · first_market_buy 100 food |
| 27:01 | Justin Credible · first_market_sell 100 stone |
| 27:11 | BOT jose · wall_segment Palisade Wall x1 |
| 27:14 | BOT jose · wall_segment Palisade Wall x1 |
| 27:20 | BOT jose · wall_segment Palisade Wall x1 |
| 27:24 | BOT jose · wall_segment Palisade Wall x1 |
| 30:40 | Justin Credible · age_up imperial |
| 31:02 | BOT jose · age_up imperial |
| 34:39 | BOT jose · first_building Archery Range |
| 37:39 | BOT jose · resign |
[ AI ANALYSIS · 1 CREDIT ]
What really happened in this match?
Wolo.gg analyzes every decision: build order, eco, micro, common mistakes by bracket. Personalized analysis on WhatsApp or Discord in 30 seconds.
Civ guide
Bengalis
Perfil
Jugador #16231506